Workbook

Sheet Como Usar a Planilha
A1: Planilha Gratuita de Controle de Investimentos
A3: Estrutura da Planilha
A4: Esta planilha é dividida em 4 abas principais para máxima organização:
A5: 1. Dashboard (Resumo Geral): Uma visão panorâmica e visual da sua carteira (Totalmente automática).
A6: 2. Meus Investimentos (Lançamentos): O coração da planilha, onde você registra todas as suas compras de ativos (Preenchimento manual e fórmulas automáticas).
A7: 3. Proventos (Rendimentos): Para você acompanhar todos os dividendos e juros recebidos (Preenchimento manual).
A8: 4. Como Usar a Planilha: Esta aba de instruções.
A11: Como Usar a Planilha em 3 Passos Simples
A13: 1. Registre a Compra: | B13: Toda vez que comprar um ativo, vá à aba "Meus Investimentos" e preencha uma nova linha com os dados da operação (Colunas Brancas).
A15: 2. Atualize os Preços: | B15: Periodicamente (sugestão: uma vez por mês), atualize a coluna "Preço Atual (Unit.) (H)" na aba "Meus Investimentos" para refletir o valor de mercado dos seus ativos.
A17: 3. Acompanhe o Resumo: | B17: Após atualizar, vá até a aba "Dashboard" para ver seu patrimônio total, a rentabilidade da carteira e a distribuição dos seus investimentos. Não se esqueça de registrar os dividendos na aba "Proventos".
A20: Esta ferramenta simples, porém completa, dará o controle e a clareza necessários para continuar evoluindo na sua jornada de investidor.

Sheet Dashboard
A1: Visão Geral da Carteira
A2: Total Investido (Custo) | B2: =SOMA('Meus Investimentos'!G:G)
A3: Patrimônio Atual | B3: =SOMA('Meus Investimentos'!J:J)
A4: Resultado Total (R$) | B4: =B3-B2
A5: Rentabilidade da Carteira (%) | B5: =B4/B2
A7: Gráficos Sugeridos (Criação Manual)
A8: Gráfico de Pizza: Alocação por Classe de Ativo
A9: Use as colunas 'Classe de Ativo (B)' e 'Valor Atual (J)' da aba 'Meus Investimentos'.
A11: Gráfico de Pizza: Alocação por Ativo Específico
A12: Use as colunas 'Ativo (C)' e 'Valor Atual (J)' da aba 'Meus Investimentos'.

Sheet Meus Investimentos
A1: Data da Compra | B1: Classe de Ativo | C1: Ativo | D1: Corretora | E1: Quantidade | F1: Preço de Compra (Unit.) | G1: Custo Total | H1: Preço Atual (Unit.) | I1: Valor Atual | J1: Resultado (R$) | K1: Resultado (%) | L1: % da Carteira
A2: 08/10/2025 | B2: Renda Fixa | C2: Tesouro Selic 2029 | D2: XP Invest. | E2: 0.15 | F2: 14800 | G2: =E2*F2 | H2: 14950 | J2: =E2*H2 | K2: =J2-G2 | L2: =K2/G2 | M2: =J2/Dashboard!$B$3
A3: 09/10/2025 | B3: Ações | C3: ITUB4 | D3: Rico | E3: 100 | F3: 32.5 | G3: =E3*F3 | H3: 34 | J3: =E3*H3 | K3: =J3-G3 | L3: =K3/G3 | M3: =J3/Dashboard!$B$3
A4: 09/10/2025 | B4: FII | C4: MXRF11 | D4: BTG Pactual | E4: 50 | F4: 10.2 | G4: =E4*F4 | H4: 10.5 | J4: =E4*H4 | K4: =J4-G4 | L4: =K4/G4 | M4: =J4/Dashboard!$B$3
F6: TOTAL | G6: =SOMA(G2:G1000) | J6: =SOMA(J2:J1000) | K6: =SOMA(K2:K1000)

Sheet Proventos
A1: Data de Pagamento | B1: Ativo | C1: Tipo de Provento | D1: Valor Líquido Recebido
A2: 15/09/2025 | B2: MXRF11 | C2: Rendimento FII | D2: 5.5
A3: 02/10/2025 | B3: ITUB4 | C3: JCP | D3: 1.28
C5: TOTAL RECEBIDO | D5: =SOMA(D2:D1000)
